cohdb
Replays
Latest Replays
All Replays
Popular Replays
Top Player Replays
Match Explorer
How It Works
Community
CoH3 Stats
Reddit
Sign in to upload your games and track your stats! →
Sign in with Steam
Match 47422441
Unlisted
Match 47422441
Overview
Messages
Build Orders
End
Selects Battlefield Espionage Battlegroup
Selects Battlefield Espionage Battlegroup
Kradschützen Motorcycle Team
Panzergrenadier Squad
Panzergrenadier Squad
Construct Light Support Kompanie
Combat Half-tracks
MG34 Team
Construct Mechanized Kompanie
Selects Intel Disruption Beacon
8 Rad Armored Car
Assault Mechanized Group
Selects Transfer Depots
Selects Disruption Operation
Selects 250/3 Funkpanzerwagen
Marder III Tank Destroyer
Vehicle Survival Package
Support Armor Elements
254 Reconnaissance Tractor
Selects Advanced Ambush Training
lengfeng988
不太彳亍
小樱Young Dream
Zord Acciano
RCXJPng
BossyPredator
SILENCE
Eroles
0
0
Comments
sign in to comment!
No comments posted yet!